[Event "World Senior chT-65 2019"]
[Site "Rhodes"]
[Date "2019.04.18"]
[Round "3.35"]
[White "Staechelin, Ruedi"]
[Black "Gustavsson, Sture"]
[Result "1/2-1/2"]
[ECO "B31"]
[WhiteElo "2053"]
[BlackElo "1976"]
[PlyCount "92"]
[EventDate "2019.04.16"]
[EventType "team-tourn"]
[EventCountry "GRE"]
[TimeControl "40/5400+30:1800+30"]

1. e4 c5 2. Nf3 Nc6 3. Bb5 Nf6 4. e5 Nd5 5. O-O g6 6. Re1 Bg7 7. c3 Nc7 8. Bf1 d5 9. d3 Bg4 10. Bf4 Ne6 11. Bg3 Qb6 12. Qb3 Qxb3 13. axb3 Bxf3 14. gxf3 h5 15. h4 g5 16. hxg5 h4 17. Bh2 Nxg5 18. Bg2 h3 19. f4 hxg2 20. fxg5 Rh3 21. Kxg2 Rxd3 22. Ra4 d4 23. f4 O-O-O 24. Bg3 dxc3 25. bxc3 e6 26. Rae4 Ne7 27. Bf2 b6 28. b4 cxb4 29. cxb4 Bf8 30. b5 Kb7 31. Rc1 Nd5 32. Rec4 Rb3 33. Nc3 Nxc3 34. R1xc3 Rxc3 35. Rxc3 Rd5 36. Rb3 Bc5 37. Kf3 Rd2 38. Be3 Rd5 39. Ke4 Rd1 40. Kf3 Bxe3 41. Kxe3 a5 42. bxa6+ Kxa6 43. Ra3+ Kb7 44. Rb3 Kc6 45. Rc3+ Kb7 46. Rb3 Kc6 {[%emt 0:00:06] Kd4 [%emt 00:00:15] Kd5+} 1/2-1/2

[Event "World Senior chT-65 2019"]
[Site "Rhodes"]
[Date "2019.04.18"]
[Round "3.36"]
[White "Andersson, Sven-Olof"]
[Black "Kradolfer, Georg"]
[Result "1-0"]
[ECO "D02"]
[WhiteElo "1904"]
[BlackElo "2048"]
[PlyCount "41"]
[EventDate "2019.04.16"]
[EventType "team-tourn"]
[EventCountry "GRE"]
[TimeControl "40/5400+30:1800+30"]

1. d4 d5 2. Nf3 Nf6 3. g3 e6 4. Bg2 c5 5. e3 Nc6 6. b3 b6 7. O-O Ba6 8. Re1 Rc8 9. Bf1 Bxf1 10. Kxf1 Ne4 11. dxc5 Qf6 12. c3 Ne5 13. Kg2 Bxc5 14. Nxe5 Qxe5 15. Qe2 O-O 16. Bb2 Qf5 17. f3 Nf6 18. Nd2 h5 19. e4 dxe4 20. Nxe4 Qxe4 21. fxe4 1-0

[Event "World Senior chT-65 2019"]
[Site "Rhodes"]
[Date "2019.04.18"]
[Round "3.37"]
[White "Rantanen, Veikko"]
[Black "Carlsson, Ingvar"]
[Result "1/2-1/2"]
[ECO "B73"]
[WhiteElo "1971"]
[BlackElo "2119"]
[PlyCount "119"]
[EventDate "2019.04.16"]
[EventType "team-tourn"]
[EventCountry "GRE"]
[TimeControl "40/5400+30:1800+30"]

1. e4 c5 2. Nf3 d6 3. d4 cxd4 4. Nxd4 Nf6 5. Nc3 g6 6. Be2 Bg7 7. O-O O-O 8. Be3 Nc6 9. Rb1 d5 10. exd5 Nxd5 11. Nxd5 Qxd5 12. Bf3 Qxa2 13. Nxc6 bxc6 14. Bxc6 Rb8 15. Bd5 Qa6 16. Ra1 Qd6 17. Bb3 Bxb2 18. Qxd6 exd6 19. Rxa7 Bb7 20. Rd1 Rfd8 21. f3 d5 22. Bf4 Bf6 23. Bxb8 Rxb8 24. Bxd5 Bxd5 25. Rxd5 Rb4 26. Ra8+ Kg7 27. Rc8 Rb7 28. Kf2 h5 29. g3 Ra7 30. Ke2 Ba1 31. f4 Bf6 32. Rc6 Re7+ 33. Kd2 Rb7 34. f5 g5 35. Kd3 Ra7 36. Kc4 Ra4+ 37. Kb5 Re4 38. Rc7 Be5 39. Re7 Kf6 40. Rexe5 Rxe5 41. Rxe5 Kxe5 42. c4 Kxf5 43. c5 Kg4 44. c6 Kh3 45. c7 Kxh2 46. c8=Q Kxg3 47. Qf5 Kh4 48. Qxf7 g4 49. Qf6+ Kh3 50. Qf1+ Kh2 51. Qf2+ Kh3 52. Qg1 g3 53. Kc4 h4 54. Kd3 g2 55. Ke3 Kg3 56. Qf2+ Kh3 57. Qg1 Kg3 58. Qe1+ Kh3 59. Kf2 g1=Q+ 60. Kxg1 1/2-1/2

[Event "World Senior chT-65 2019"]
[Site "Rhodes"]
[Date "2019.04.18"]
[Round "3.38"]
[White "Nordstrom, Felix"]
[Black "Ranki, Martti"]
[Result "1/2-1/2"]
[ECO "B37"]
[WhiteElo "2044"]
[BlackElo "1940"]
[PlyCount "51"]
[EventDate "2019.04.16"]
[EventType "team-tourn"]
[EventCountry "GRE"]
[TimeControl "40/5400+30:1800+30"]

1. e4 c5 2. Nf3 Nc6 3. d4 cxd4 4. Nxd4 d6 5. c4 Bd7 6. Nc3 Nf6 7. Be2 g6 8. Nc2 Bg7 9. O-O O-O 10. Bd2 Re8 11. Rc1 Rc8 12. Kh1 Ne5 13. Ne3 Bc6 14. f3 b6 15. b4 Bb7 16. Qb3 Nc6 17. Qb1 Nd4 18. Bd3 e5 19. Ne2 Ne6 20. Nd5 Nh5 21. Rc2 Qh4 22. Qe1 Qxe1 23. Rxe1 Bxd5 24. cxd5 Nef4 25. Nxf4 Nxf4 26. Bxf4 1/2-1/2

[Event "World Senior chT-65 2019"]
[Site "Rhodes"]
[Date "2019.04.18"]
[Round "3.39"]
[White "Alkkiomaki, Jyrki"]
[Black "Grahn, Lars"]
[Result "0-1"]
[ECO "B04"]
[WhiteElo "1908"]
[BlackElo "1985"]
[PlyCount "36"]
[EventDate "2019.04.16"]
[EventType "team-tourn"]
[EventCountry "GRE"]
[TimeControl "40/5400+30:1800+30"]

1. e4 Nf6 2. e5 Nd5 3. d4 d6 4. Nf3 dxe5 5. Nxe5 c6 6. c4 Nf6 7. Nc3 Bf5 8. Be3 e6 9. Qb3 Qc8 10. Be2 Bd6 11. O-O O-O 12. Nf3 Qc7 13. Rac1 Nbd7 14. g3 h6 15. d5 Ng4 16. Nh4 Nxe3 17. fxe3 Bh3 18. Rf2 Bxg3 0-1

[Event "World Senior chT-65 2019"]
[Site "Rhodes"]
[Date "2019.04.18"]
[Round "3.40"]
[White "Svensson, Soren"]
[Black "Kauko, Pekka"]
[Result "1-0"]
[ECO "E73"]
[WhiteElo "1964"]
[BlackElo "1902"]
[PlyCount "115"]
[EventDate "2019.04.16"]
[EventType "team-tourn"]
[EventCountry "GRE"]
[TimeControl "40/5400+30:1800+30"]

1. d4 Nf6 2. c4 g6 3. Nc3 Bg7 4. e4 d6 5. Be2 Nbd7 6. Bg5 h6 7. Be3 e5 8. d5 O-O 9. Qd2 Nc5 10. f3 Kh7 11. g4 Ng8 12. h4 a6 13. O-O-O Bd7 14. Qc2 b6 15. Nh3 Rb8 16. Nf2 b5 17. b4 Na4 18. c5 c6 19. dxc6 Bxc6 20. Rxd6 Qc7 21. Nd5 Qb7 22. Rd1 Rfd8 23. Nc3 Rxd6 24. Rxd6 Bf8 25. Rd1 a5 26. a3 axb4 27. axb4 Nxc3 28. Qxc3 Ra8 29. Nd3 Bg7 30. Nxe5 Bxe4 31. Bd4 f6 32. fxe4 Qxe4 33. Qc2 Qf4+ 34. Qd2 Qxd2+ 35. Rxd2 fxe5 36. Bc3 Ra7 37. Bxb5 Nf6 38. Bxe5 Ne4 39. Re2 Nc3 40. Bxc3 Bxc3 41. Re4 Bf6 42. h5 gxh5 43. gxh5 Kg7 44. Kc2 Ra3 45. Rc4 Bd8 46. c6 Bc7 47. Rg4+ Kf7 48. Bc4+ Kf8 49. Rg6 Rh3 50. Rxh6 Ke7 51. b5 Ba5 52. Bd3 Rf3 53. Rh7+ Kd8 54. Rd7+ Kc8 55. h6 Rf2+ 56. Kb3 Rh2 57. h7 Rh4 58. Rg7 1-0

[Event "World Senior chT-65 2019"]
[Site "Rhodes"]
[Date "2019.04.18"]
[Round "3.41"]
[White "Khandsuren, Sandagdorj"]
[Black "Baruch, Andrew J D"]
[Result "1/2-1/2"]
[ECO "B03"]
[WhiteElo "1954"]
[BlackElo "2039"]
[Annotator "NA"]
[PlyCount "28"]
[EventDate "2019.04.16"]
[EventType "team-tourn"]
[EventCountry "GRE"]
[SourceTitle "playchess.com"]
[Source "ChessBase"]
[SourceQuality "1"]
[WhiteTeam "Mongolia"]
[BlackTeam "England"]
[WhiteTeamCountry "MGL"]
[BlackTeamCountry "ENG"]
[TimeControl "40/5400+30:1800+30"]

1. e4 Nf6 2. e5 Nd5 3. d4 d6 4. exd6 cxd6 5. Bb5+ Bd7 6. Bxd7+ Nxd7 7. c4 N5f6 8. Nc3 e5 9. Qe2 Be7 10. Nf3 exd4 11. Nxd4 O-O 12. O-O Re8 13. b3 Qa5 14. Bb2 d5 1/2-1/2

[Event "World Senior chT-65 2019"]
[Site "Rhodes"]
[Date "2019.04.18"]
[Round "3.42"]
[White "Reuben, Stewart"]
[Black "Myagmarsuren, Begz"]
[Result "1-0"]
[ECO "D53"]
[WhiteElo "1974"]
[BlackElo "1911"]
[PlyCount "105"]
[EventDate "2019.04.16"]
[EventType "team-tourn"]
[EventCountry "GRE"]
[TimeControl "40/5400+30:1800+30"]

1. d4 d5 2. c4 Nf6 3. cxd5 Nxd5 4. Nc3 c6 5. e4 Nf6 6. Nf3 e6 7. Bg5 Be7 8. Bc4 O-O 9. Qd3 a6 10. Bb3 Nbd7 11. Bc2 g6 12. Bh6 Re8 13. h3 Qc7 14. O-O Nh5 15. g4 Ng7 16. Qe3 Nf6 17. Bf4 Qd8 18. Be5 Nd7 19. Bg3 Nf6 20. Qh6 Bf8 21. Qf4 b5 22. Bh4 Be7 23. Ne5 Bb7 24. g5 Ngh5 25. Qf3 Nd7 26. Qxf7+ Kh8 27. Ng4 Rf8 28. Qxe6 Nf4 29. Qb3 Nxh3+ 30. Kh2 Nxg5 31. f4 Nf3+ 32. Rxf3 Bxh4 33. e5 Nb6 34. Rd1 Nd5 35. Nxd5 cxd5 36. f5 Bc8 37. Ne3 Bb7 38. Rdf1 g5 39. Qd3 Rc8 40. Bb1 Qe8 41. f6 Qh5 42. Qf5 Rcd8 43. e6 Bc8 44. Qe5 Qh6 45. f7+ Qg7 46. e7 g4 47. exd8=Q Bxd8 48. Qxg7+ Kxg7 49. R3f2 Bc7+ 50. Kg2 h5 51. Nf5+ Kh8 52. Ne7 Be6 53. Rf6 1-0

[Event "World Senior chT-65 2019"]
[Site "Rhodes"]
[Date "2019.04.18"]
[Round "3.43"]
[White "Serjmyadag, Damdin"]
[Black "Valentine, Brian J"]
[Result "0-1"]
[ECO "C54"]
[WhiteElo "1895"]
[BlackElo "1954"]
[PlyCount "73"]
[EventDate "2019.04.16"]
[EventType "team-tourn"]
[EventCountry "GRE"]
[TimeControl "40/5400+30:1800+30"]

1. e4 e5 2. Nf3 Nc6 3. Bc4 Bc5 4. c3 Nf6 5. d3 d6 6. Bg5 h6 7. Bh4 a6 8. h3 Qe7 9. Bb3 Ba7 10. Na3 Be6 11. Bc2 g5 12. Bg3 O-O-O 13. Bb3 Nh5 14. Bh2 Nf4 15. Bxe6+ Qxe6 16. Bxf4 exf4 17. Qe2 f5 18. exf5 Qxf5 19. O-O-O Rhe8 20. Qc2 b5 21. d4 Qf7 22. b4 Re7 23. Rhe1 Rde8 24. Rxe7 Rxe7 25. Kb2 Nb8 26. Qd3 Nc6 27. Nd2 d5 28. Nc2 Kb7 29. a4 bxa4 30. Ra1 Re6 31. Rxa4 Nb8 32. Nb3 Qd7 33. Ra5 Rc6 34. b5 axb5 35. Qxb5+ Bb6 36. Nc5+ Rxc5 37. dxc5 0-1

[Event "World Senior chT-65 2019"]
[Site "Rhodes"]
[Date "2019.04.18"]
[Round "3.44"]
[White "Thynne, Trefor F"]
[Black "Bujinlkham, Purevdorj"]
[Result "1-0"]
[ECO "D36"]
[WhiteElo "1907"]
[BlackElo "1786"]
[PlyCount "55"]
[EventDate "2019.04.16"]
[EventType "team-tourn"]
[EventCountry "GRE"]
[TimeControl "40/5400+30:1800+30"]

1. d4 d5 2. c4 e6 3. Nc3 Nf6 4. cxd5 exd5 5. Bg5 Be7 6. Bxf6 Bxf6 7. e3 O-O 8. Bd3 c6 9. Qc2 h6 10. h3 g6 11. Nf3 Nd7 12. O-O Bg7 13. b4 a6 14. a4 b6 15. b5 Bb7 16. Qb3 Nf6 17. bxc6 Bxc6 18. Ne5 Qc7 19. Rfc1 Qb7 20. Rab1 Rfb8 21. Nxc6 Qxc6 22. Nb5 Qd7 23. Nc7 Ra7 24. Nxa6 Rba8 25. Qxb6 Kh7 26. Bb5 Qe7 27. Nc5 Ne8 28. Bc6 1-0

[Event "World Senior chT-65 2019"]
[Site "Rhodes"]
[Date "2019.04.18"]
[Round "3.46"]
[White "Seret, Jean-Luc"]
[Black "Carlile, Orison"]
[Result "1/2-1/2"]
[ECO "C00"]
[WhiteElo "2332"]
[BlackElo "2037"]
[PlyCount "81"]
[EventDate "2019.04.16"]
[EventType "team-tourn"]
[EventCountry "GRE"]
[TimeControl "40/5400+30:1800+30"]

1. e4 e6 2. d3 d5 3. Nd2 Nc6 4. Ngf3 Nf6 5. c3 dxe4 6. dxe4 Bc5 7. Bb5 Bd7 8. Qe2 a6 9. Bd3 e5 10. Nc4 Ng4 11. O-O b5 12. Ne3 Nxe3 13. Bxe3 Bxe3 14. Qxe3 Qe7 15. b4 O-O 16. a4 Rab8 17. axb5 axb5 18. Nd2 Nd8 19. Nb3 Ne6 20. Ra7 Rfc8 21. Rd1 Bc6 22. Be2 Rd8 23. Raa1 Rxd1+ 24. Rxd1 Rd8 25. Rxd8+ Qxd8 26. g3 h6 27. Na5 Qd6 28. h4 Bd7 29. Bg4 Kh7 30. Nb7 Qc6 31. Bf5+ g6 32. Bxe6 Qxe6 33. Nc5 Qg4 34. Qd3 Bc6 35. Kh2 Qc8 36. f3 h5 37. Qd2 Kg7 38. Qg5 f6 39. Qd2 Qg8 40. g4 hxg4 41. fxg4 1/2-1/2

[Event "World Senior chT-65 2019"]
[Site "Rhodes"]
[Date "2019.04.18"]
[Round "3.47"]
[White "Gibson, John F."]
[Black "Giffard, Nicolas"]
[Result "1-0"]
[ECO "D35"]
[WhiteElo "1818"]
[BlackElo "2252"]
[PlyCount "111"]
[EventDate "2019.04.16"]
[EventType "team-tourn"]
[EventCountry "GRE"]
[TimeControl "40/5400+30:1800+30"]

1. c4 Nf6 2. Nc3 e6 3. g3 d5 4. cxd5 exd5 5. Bg2 c6 6. d4 Bd6 7. Nf3 O-O 8. O-O Re8 9. a3 a5 10. Re1 h6 11. Bd2 Bf5 12. Qc1 Nbd7 13. Bf4 Bf8 14. h3 g5 15. Bd2 a4 16. h4 g4 17. Ne5 Nxe5 18. dxe5 Rxe5 19. Bxh6 Bxh6 20. Qxh6 Bg6 21. Qf4 Rf5 22. Qb4 d4 23. Nxa4 Rfa5 24. b3 Rb5 25. Qc4 Qd6 26. Red1 Rd8 27. b4 Re5 28. Nc5 b5 29. Qa2 Qe7 30. Rd2 Nd5 31. Re1 Nc3 32. Qb2 Qf6 33. Nd3 Bxd3 34. Rxd3 Rd6 35. e4 dxe3 36. Rdxe3 Rxe3 37. Rxe3 Nd1 38. Qxf6 Rxf6 39. Re2 Rd6 40. Rc2 Rd3 41. Bxc6 Rxa3 42. Bxb5 Rb3 43. Rc4 f5 44. Bd7 Rf3 45. Rc2 Kg7 46. b5 Kf6 47. b6 Rb3 48. Rc6+ Ke5 49. h5 Nc3 50. h6 Ne2+ 51. Kf1 Nd4 52. h7 Rb1+ 53. Kg2 Nf3 54. h8=Q+ Kd5 55. Qg8+ Ke5 56. Qe6+ {[%emt 0:00:27] Kd5 [%emt 00:00:14]} 1-0

[Event "World Senior chT-65 2019"]
[Site "Rhodes"]
[Date "2019.04.18"]
[Round "3.48"]
[White "Boudre, Jean-Pierre"]
[Black "Lynch, Peter J."]
[Result "1-0"]
[ECO "B50"]
[WhiteElo "2246"]
[BlackElo "1696"]
[PlyCount "55"]
[EventDate "2019.04.16"]
[EventType "team-tourn"]
[EventCountry "GRE"]
[TimeControl "40/5400+30:1800+30"]

1. e4 c5 2. Nf3 d6 3. c3 Nf6 4. h3 Nc6 5. Bd3 g6 6. O-O Bg7 7. Bc2 O-O 8. d4 cxd4 9. cxd4 Qc7 10. Nc3 a6 11. Bg5 Re8 12. Rc1 e5 13. dxe5 dxe5 14. Bxf6 Bxf6 15. Nd5 Qd8 16. Ba4 Re6 17. Qd2 Rd6 18. Rfd1 Kg7 19. Qe3 b5 20. Bb3 Bb7 21. Nxf6 Qxf6 22. Rxd6 Qxd6 23. Qb6 Qd7 24. Ng5 Rc8 25. Nxf7 Nd4 26. Rd1 Qe7 27. Nd6 Rc7 28. Qxc7 1-0

[Event "World Senior chT-65 2019"]
[Site "Rhodes"]
[Date "2019.04.19"]
[Round "4.2"]
[White "Rantanen, Yrjo A."]
[Black "Karasev, Vladimir I"]
[Result "1-0"]
[ECO "C02"]
[WhiteElo "2283"]
[BlackElo "2281"]
[PlyCount "129"]
[EventDate "2019.04.16"]
[EventType "team-tourn"]
[EventCountry "GRE"]
[TimeControl "40/5400+30:1800+30"]

1. e4 c5 2. Nf3 e6 3. c3 d5 4. e5 Nc6 5. d4 Nge7 6. Bd3 Nf5 7. Bxf5 exf5 8. O-O Be6 9. dxc5 Bxc5 10. Nbd2 O-O 11. Nb3 Bb6 12. Re1 Re8 13. Bg5 Qc7 14. a4 h6 15. Bf4 a6 16. Qd2 Kh7 17. Be3 Bxe3 18. Qxe3 Rad8 19. Nbd4 Bc8 20. Nxc6 Qxc6 21. a5 g5 22. Nd4 Qg6 23. f4 Re7 24. Ra4 f6 25. e6 Rde8 26. Rb4 gxf4 27. Qxf4 Bxe6 28. Rxe6 Rxe6 29. Nxe6 Rxe6 30. Rxb7+ Kg8 31. Kf2 Re8 32. Rb8 Qf7 33. Rxe8+ Qxe8 34. Qxf5 Qf7 35. Qc8+ Kg7 36. Qxa6 Qc7 37. g3 Qc5+ 38. Kg2 Qe7 39. Qd3 Qb7 40. b4 d4+ 41. Qf3 Qd7 42. cxd4 Qxd4 43. a6 h5 44. Qxh5 Qxb4 45. Qe2 Qa4 46. h4 Qc6+ 47. Kh2 Qa4 48. Kh3 Qa1 49. Qd3 Qh1+ 50. Kg4 Qa1 51. h5 Qa4+ 52. Kh3 Qa1 53. Kg2 Qa2+ 54. Kf3 Qa1 55. g4 Qh1+ 56. Kf2 Qh2+ 57. Ke1 Qe5+ 58. Qe2 Qd4 59. Qe7+ Kh6 60. a7 Qa1+ 61. Kf2 Qa2+ 62. Kg3 Qb3+ 63. Kh4 Qb2 64. g5+ fxg5+ 65. Qxg5+ 1-0

[Event "World Senior chT-65 2019"]
[Site "Rhodes"]
[Date "2019.04.19"]
[Round "4.3"]
[White "Shushpanov, Vladimir"]
[Black "Hurme, Harri"]
[Result "1-0"]
[ECO "D91"]
[WhiteElo "2180"]
[BlackElo "2148"]
[PlyCount "135"]
[EventDate "2019.04.16"]
[EventType "team-tourn"]
[EventCountry "GRE"]
[TimeControl "40/5400+30:1800+30"]

1. d4 Nf6 2. c4 g6 3. Nc3 d5 4. Nf3 Bg7 5. Bg5 Ne4 6. cxd5 Nxg5 7. Nxg5 e6 8. Nf3 exd5 9. e3 O-O 10. b4 a6 11. Bd3 Nc6 12. a3 Ne7 13. Qb3 c6 14. a4 Bf5 15. Bxf5 Nxf5 16. a5 Qe7 17. O-O Nd6 18. Nd2 h5 19. Na4 Kh7 20. Nc5 f5 21. f4 Bf6 22. Nf3 Rae8 23. Ne5 g5 24. Qd3 Bxe5 25. fxe5 Ne4 26. Rf3 Kg6 27. Raf1 Nxc5 28. bxc5 Qe6 29. h3 h4 30. g4 hxg3 31. Rxg3 Rh8 32. Rf4 Rh5 33. h4 Reh8 34. Rfg4 Kh6 35. Rxg5 Rxg5 36. Rxg5 Rg8 37. Qb1 Rxg5+ 38. hxg5+ Kxg5 39. Qxb7 f4 40. Qg7+ Kf5 41. Qf8+ Ke4 42. Qxf4+ Kd3 43. Kf2 Qh3 44. Qg3 Qh6 45. Qf4 Qh3 46. Qg5 Qh2+ 47. Kf3 Qh3+ 48. Qg3 Qf5+ 49. Kg2 Ke2 50. Qf4 Qg6+ 51. Kh3 Qh5+ 52. Kg3 Qe8 53. Qh6 Qg8+ 54. Kh4 Qg2 55. Qf4 Kd3 56. e6 Qg6 57. Qf7 Qe4+ 58. Kh5 Qxe3 59. e7 Qh3+ 60. Kg6 Qg4+ 61. Kh7 Qh4+ 62. Kg8 Qg4+ 63. Kf8 Qxd4 64. Qf1+ Kc2 65. e8=Q Qxc5+ 66. Kg8 d4 67. Qee2+ Kb3 68. Qb1+ 1-0

[Event "World Senior chT-65 2019"]
[Site "Rhodes"]
[Date "2019.04.19"]
[Round "4.4"]
[White "Kivimaki, Jaakko"]
[Black "Blechzin, Igor"]
[Result "1-0"]
[ECO "D03"]
[WhiteElo "2165"]
[BlackElo "2210"]
[PlyCount "65"]
[EventDate "2019.04.16"]
[EventType "team-tourn"]
[EventCountry "GRE"]
[TimeControl "40/5400+30:1800+30"]

1. Nf3 Nf6 2. d4 e6 3. Bg5 d5 4. Nbd2 c5 5. e3 Nc6 6. c3 Be7 7. Bd3 b6 8. O-O Qc7 9. Re1 O-O 10. Bf4 Bd6 11. Bxd6 Qxd6 12. e4 dxe4 13. Nxe4 Nxe4 14. Rxe4 f5 15. Rh4 Qe7 16. dxc5 bxc5 17. Qa4 Bb7 18. Re1 e5 19. Bb5 Nd4 20. cxd4 Bxf3 21. dxe5 Qg5 22. g3 Qd2 23. Qc4+ Kh8 24. Qc1 Qd5 25. Bc4 Qc6 26. Bf1 Rae8 27. Rc4 Qd5 28. Rxc5 Qxa2 29. Qc3 Ba8 30. Bc4 Qa4 31. Bb5 Qg4 32. Bxe8 Rxe8 33. Rc8 1-0

[Event "World Senior chT-65 2019"]
[Site "Rhodes"]
[Date "2019.04.19"]
[Round "4.7"]
[White "Rashkovsky, Nukhim N"]
[Black "Kiefer, Gerhard"]
[Result "1/2-1/2"]
[ECO "A49"]
[WhiteElo "2488"]
[BlackElo "2279"]
[PlyCount "73"]
[EventDate "2019.04.16"]
[EventType "team-tourn"]
[EventCountry "GRE"]
[TimeControl "40/5400+30:1800+30"]

1. d4 Nf6 2. Nf3 g6 3. g3 Bg7 4. Bg2 O-O 5. O-O d6 6. a4 a5 7. Re1 Nc6 8. e4 e5 9. d5 Nb4 10. Na3 Ne8 11. c3 Na6 12. Nc4 b6 13. Bd2 Bd7 14. b4 axb4 15. cxb4 h6 16. a5 b5 17. Na3 Kh7 18. Qe2 Rb8 19. Rac1 f5 20. exf5 gxf5 21. Nc2 Qf6 22. Bc3 Qf7 23. Rcd1 Nf6 24. Nh4 e4 25. Ne3 f4 26. gxf4 Rbe8 27. Nhf5 Bh8 28. Ng3 Rg8 29. Qc2 h5 30. h4 Qg6 31. Kf1 Kh6 32. Qd2 Kh7 33. Qc2 Kh6 34. Bxf6 Qxf6 35. Nxe4 Qxf4 36. Ng5 Rg6 37. Ne6 1/2-1/2

[Event "World Senior chT-65 2019"]
[Site "Rhodes"]
[Date "2019.04.19"]
[Round "4.8"]
[White "Buchal, Stephan"]
[Black "Pushkov, Nikolai"]
[Result "1-0"]
[ECO "A14"]
[WhiteElo "2283"]
[BlackElo "2295"]
[PlyCount "157"]
[EventDate "2019.04.16"]
[EventType "team-tourn"]
[EventCountry "GRE"]
[TimeControl "40/5400+30:1800+30"]

1. c4 e6 2. g3 Nf6 3. Bg2 d5 4. Nf3 Be7 5. O-O O-O 6. b3 b6 7. Bb2 Bb7 8. e3 Nbd7 9. Nc3 Ne4 10. cxd5 exd5 11. Ne2 Bf6 12. Qc2 Bxb2 13. Qxb2 c5 14. Rfd1 Qf6 15. Qxf6 Ndxf6 16. d3 Nd6 17. d4 c4 18. Ne5 Rac8 19. bxc4 Nxc4 20. Nf4 g5 21. Nfd3 Na3 22. Bh3 Rc2 23. Rdc1 Bc8 24. Bg2 Be6 25. Nb4 Rcc8 26. Bf1 Nc4 27. Nxc4 dxc4 28. Bg2 a5 29. Nc6 Rc7 30. Rab1 Rfc8 31. Rxb6 Nd5 32. Bxd5 Bxd5 33. Nxa5 g4 34. Kf1 c3 35. Ke2 Ra8 36. Rb5 Bf3+ 37. Kd3 Rca7 38. Nc4 Rxa2 39. Rxc3 Rxf2 40. Rb2 Rxb2 41. Nxb2 Ra2 42. Rb3 f5 43. Kc4 Kf7 44. Kc5 h5 45. Rb6 Be4 46. Rb5 Ke6 47. Rb6+ Kd7 48. d5 Ra5+ 49. Rb5 Rxb5+ 50. Kxb5 Bxd5 51. Kc5 Bf7 52. Nd3 Ke6 53. Kd4 Kf6 54. Nf4 Kg5 55. Ke5 Ba2 56. Ng2 Bb1 57. Nh4 Bc2 58. Ke6 Bb3+ 59. Ke7 Bd5 60. Kd6 Ba2 61. Ke7 Bd5 62. Kd6 Ba2 63. Ng2 Bb3 64. Ke5 Ba2 65. Nf4 Bb3 66. Ne2 Bc2 67. Nd4 Be4 68. Ke6 Bd3 69. Kf7 Bc4+ 70. Kg7 Bd5 71. Ne2 h4 72. Nf4 hxg3 73. hxg3 Bc4 74. Ng6 f4 75. exf4+ Kf5 76. Kh6 Ke4 77. Ne5 Be6 78. Kg5 Bc8 79. Kh4 1-0

[Event "World Senior chT-65 2019"]
[Site "Rhodes"]
[Date "2019.04.19"]
[Round "4.11"]
[White "Hammar, Bengt"]
[Black "Stebbings, Anthony J"]
[Result "0-1"]
[ECO "E16"]
[WhiteElo "2206"]
[BlackElo "2281"]
[PlyCount "60"]
[EventDate "2019.04.16"]
[EventType "team-tourn"]
[EventCountry "GRE"]
[TimeControl "40/5400+30:1800+30"]

1. d4 Nf6 2. c4 e6 3. Nf3 Bb4+ 4. Bd2 a5 5. Nc3 b6 6. g3 Bb7 7. Bg2 O-O 8. O-O d6 9. Qc2 Nbd7 10. Rad1 h6 11. Rfe1 Bxc3 12. Bxc3 Be4 13. Qc1 c6 14. Bh3 d5 15. b3 b5 16. Nd2 Bg6 17. Bb2 Qb8 18. Bg2 a4 19. h3 axb3 20. axb3 bxc4 21. bxc4 Ra2 22. Bc3 Bc2 23. e4 Bxd1 24. Rxd1 dxe4 25. Nxe4 Qb3 26. d5 Rc2 27. Qe3 Nxe4 28. Qxe4 cxd5 29. cxd5 Rxc3 30. Rb1 Qxd5 0-1

[Event "World Senior chT-65 2019"]
[Site "Rhodes"]
[Date "2019.04.19"]
[Round "4.12"]
[White "Quinn, John M"]
[Black "Hedin, Gunnar"]
[Result "1/2-1/2"]
[ECO "A80"]
[WhiteElo "2140"]
[BlackElo "2195"]
[PlyCount "92"]
[EventDate "2019.04.16"]
[EventType "team-tourn"]
[EventCountry "GRE"]
[TimeControl "40/5400+30:1800+30"]

1. d4 f5 2. Bg5 g6 3. Nc3 Bg7 4. h4 h6 5. Bf4 d6 6. e3 Nc6 7. d5 Ne5 8. Bb5+ Bd7 9. Bxe5 dxe5 10. Qe2 a6 11. Bxd7+ Qxd7 12. e4 f4 13. Nf3 e6 14. O-O-O O-O-O 15. Qc4 Ne7 16. dxe6 Qc6 17. Qb3 Rxd1+ 18. Rxd1 Rd8 19. Rxd8+ Kxd8 20. Nd5 b6 21. Qd3 Qd6 22. Qxa6 Qxe6 23. Qa8+ Nc8 24. Qb7 Qd7 25. a4 c6 26. Qxd7+ Kxd7 27. Nc3 Ke6 28. Kd2 Bf8 29. Ke2 Nd6 30. Kd3 Nb7 31. Nd2 Bc5 32. Nd1 Be7 33. b3 Bxh4 34. f3 Bd8 35. Nf2 h5 36. Kc4 g5 37. b4 Nd6+ 38. Kc3 Kd7 39. Nc4 Nxc4 40. Kxc4 Kd6 41. b5 Bc7 42. Kb4 Kd7 43. Nh3 Bd8 44. Nf2 Bc7 45. Nh3 Bd8 46. Nf2 Bc7 1/2-1/2

[Event "World Senior chT-65 2019"]
[Site "Rhodes"]
[Date "2019.04.19"]
[Round "4.13"]
[White "Opl, Klaus"]
[Black "Karason, Askell O"]
[Result "1-0"]
[ECO "E52"]
[WhiteElo "2188"]
[BlackElo "2252"]
[PlyCount "71"]
[EventDate "2019.04.16"]
[EventType "team-tourn"]
[EventCountry "GRE"]
[TimeControl "40/5400+30:1800+30"]

1. d4 Nf6 2. c4 e6 3. Nc3 Bb4 4. e3 O-O 5. Bd3 d5 6. Nf3 b6 7. cxd5 exd5 8. O-O Bb7 9. a3 Bd6 10. b4 a6 11. Bb2 Nbd7 12. Qb3 Rb8 13. Bb1 Re8 14. Ba2 Nf8 15. a4 c6 16. Rad1 b5 17. Ne5 Qe7 18. f3 Bxb4 19. e4 Bd6 20. axb5 cxb5 21. Nxd5 Nxd5 22. exd5 Qh4 23. f4 Rbd8 24. g3 Qh5 25. Rfe1 f6 26. Nc6 Rxe1+ 27. Rxe1 Re8 28. Ne5 Re7 29. Ba3 Bxa3 30. Qxa3 Re8 31. d6+ Kh8 32. d7 Nxd7 33. Nf7+ Qxf7 34. Bxf7 Rxe1+ 35. Kf2 Re4 36. Qd6 1-0

[Event "World Senior chT-65 2019"]
[Site "Rhodes"]
[Date "2019.04.19"]
[Round "4.14"]
[White "Viglundsson, Bjorgvin"]
[Black "Titz, Heimo"]
[Result "1-0"]
[ECO "E12"]
[WhiteElo "2170"]
[BlackElo "2096"]
[PlyCount "71"]
[EventDate "2019.04.16"]
[EventType "team-tourn"]
[EventCountry "GRE"]
[TimeControl "40/5400+30:1800+30"]

1. d4 Nf6 2. c4 e6 3. Nf3 b6 4. a3 Bb7 5. Nc3 Be7 6. d5 O-O 7. g3 a5 8. Bg2 Na6 9. O-O Nc5 10. Nd4 exd5 11. cxd5 Re8 12. Bf4 Bf8 13. Rc1 d6 14. b4 axb4 15. axb4 Nce4 16. Nxe4 Nxe4 17. Nb5 Qf6 18. Qd3 Ba6 19. Bxe4 Bxb5 20. Bxh7+ Kh8 21. Qxb5 Kxh7 22. Rxc7 Qb2 23. Be3 Kg8 24. Rfc1 Re4 25. Qd7 Re7 26. Qc6 Rxc7 27. Qxc7 Qxe2 28. Qxb6 Ra3 29. Qd4 Rd3 30. Qe4 g6 31. Kg2 Rb3 32. Rc8 Rxe3 33. Qxe3 Qb5 34. Qe4 Qb7 35. Rc6 Qb5 36. Qc4 1-0

[Event "World Senior chT-65 2019"]
[Site "Rhodes"]
[Date "2019.04.19"]
[Round "4.15"]
[White "Strobel, Ferdinand"]
[Black "Halldorsson, Bragi"]
[Result "0-1"]
[ECO "B20"]
[WhiteElo "1974"]
[BlackElo "2112"]
[PlyCount "48"]
[EventDate "2019.04.16"]
[EventType "team-tourn"]
[EventCountry "GRE"]
[TimeControl "40/5400+30:1800+30"]

1. f4 d5 2. Nf3 g6 3. g3 Bg7 4. Bg2 e6 5. O-O Ne7 6. d3 O-O 7. e4 c5 8. c3 Nbc6 9. Nbd2 b5 10. e5 Rb8 11. Kh1 b4 12. c4 Qb6 13. g4 f6 14. Qe1 fxe5 15. Nxe5 Nxe5 16. fxe5 Bb7 17. Nf3 dxc4 18. dxc4 Qc7 19. Bg5 Nc6 20. Bf6 Bxf6 21. exf6 Rxf6 22. g5 Rf7 23. Qxe6 Rbf8 24. Nd2 Nd4 0-1

[Event "World Senior chT-65 2019"]
[Site "Rhodes"]
[Date "2019.04.19"]
[Round "4.16"]
[White "Kristinsson, Jon"]
[Black "Danner, Lambert"]
[Result "1/2-1/2"]
[ECO "A81"]
[WhiteElo "2094"]
[BlackElo "2013"]
[PlyCount "28"]
[EventDate "2019.04.16"]
[EventType "team-tourn"]
[EventCountry "GRE"]
[TimeControl "40/5400+30:1800+30"]

1. d4 f5 2. g3 Nf6 3. Bg2 d6 4. Nf3 g6 5. O-O Bg7 6. Nbd2 Nc6 7. c3 e5 8. dxe5 dxe5 9. Nc4 Qxd1 10. Rxd1 e4 11. Nd4 Nxd4 12. cxd4 Be6 13. b3 O-O-O 14. Bf4 Nd5 1/2-1/2